Wild vs Thrashers

Created - March 25 2008 at 18:34

Goals
1 2 3 T
Wild 1 3 1 5
Thrashers 1 0 0 1
Shots
1 2 3 T
Wild 14 12 15 41
Thrashers 8 10 6 24

Period #1

1. Thrashers , Joe Thornton 24 (Barret Jackman, Radek Martinek) at 8:06
2. Wild , Shean Donovan 1 (Olli Jokinen, Michal Rozsival) at 18:06 (PP)

Penalties :
Dan Boyle (ATL) for Interference (Minor) at 0:25, Joe Thornton (ATL) for Slashing (Minor) at 2:41, Patrick Rissmiller (MIN) for Slashing (Minor) at 5:14, Wade Redden (ATL) for Tripping (Minor) at 14:02, Barret Jackman (ATL) for High sticking (Minor) at 17:36, Tomas Holmstrom (ATL) for Boarding (Minor) at 18:10

Period #2

3. Wild , Olli Jokinen 32 (Sean Hill, Patrick Rissmiller) at 17:05
4. Wild , Jozef Stumpel 21 (Mats Sundin, Michal Rozsival) at 17:35
5. Wild , Mats Sundin 33 (Sean Hill, Olli Jokinen) at 18:37

Penalties :
Kyle Mclaren (MIN) for Holding (Minor) at 2:24, Marc Savard (ATL) for High sticking (Minor) at 3:20, Jozef Stumpel (MIN) for Interference (Minor) at 6:27, Jan Hejda (MIN) for Slashing (Minor) at 8:39, Philippe Boucher (MIN) for Hooking (Minor) at 12:13, Eric Brewer (ATL) for Holding (Minor) at 14:35, Marc Savard (ATL) for Hooking (Minor) at 19:30

Period #3

6. Wild , Olli Jokinen 33 (Sean Hill, Rod Brind'Amour) at 3:38

Penalties :
Kyle Mclaren (MIN) for Hooking (Minor) at 6:33, Marc Savard (ATL) for Holding (Minor) at 17:01, Rod Brind'Amour (MIN) for Tripping (Minor) at 19:13

Goalie Stats

Manny Fernandez (MIN), 23 saves from 24 shots - (0.958), W, 20-18-3, 60:00 minutes
Henrik Lundqvist (ATL), 36 saves from 41 shots - (0.878), L, 52-22-4, 60:00 minutes

Players Stats

Wild
Player Name              G  A  P  +/- PIM S  H  SB FO MP 
-----------------------------------------------------------
Brian Rolston            0  0  0   0  0   2  0  0  0  5  
Curtis Brown             0  0  0   0  0   0  0  0  13 11 
Duncan Keith             0  0  0   0  0   0  0  0  0  0  
Jan Hejda                0  0  0   0  2   0  0  0  0  21 
Jozef Stumpel            1  0  1   0  2   3  2  1  1  22 
Kim Johnsson             0  0  0   0  0   0  0  0  0  4  
Kyle Mclaren             0  0  0   0  4   0  2  0  0  19 
Marian Gaborik           0  0  0   0  0   9  0  0  1  21 
Mats Sundin              1  1  2   1  0   7  2  0  26 21 
Michal Rozsival          0  2  2   0  0   3  2  0  0  25 
Niclas Havelid           0  0  0   3  0   0  0  2  0  16 
Olli Jokinen             2  2  4   3  0   6  3  0  20 21 
Patrick Rissmiller       0  1  1   3  2   0  0  0  1  15 
Philippe Boucher         0  0  0   0  2   2  0  1  0  22 
Ray Whitney              0  0  0   0  0   4  0  0  2  18 
Rod Brind'Amour          0  1  1   2  2   3  2  0  22 19 
Sean Hill                0  3  3   3  0   0  1  1  0  18 
Shean Donovan            1  0  1   0  0   2  1  0  3  26 
Thrashers
Player Name              G  A  P  +/- PIM S  H  SB FO MP 
-----------------------------------------------------------
Alexander Frolov         0  0  0  -2  0   1  0  0  4  17 
Barret Jackman           0  1  1  -1  2   0  0  1  0  18 
Brad Boyes               0  0  0  -1  0   3  1  0  0  15 
Brett Clark              0  0  0   0  0   2  0  1  0  23 
Dan Boyle                0  0  0  -2  2   2  1  1  0  17 
David Backes             0  0  0   0  0   1  1  0  1  15 
Eric Brewer              0  0  0   0  2   0  1  2  0  16 
Jay Mcclement            0  0  0   0  0   1  0  1  23 16 
Joe Thornton             1  0  1  -3  2   2  1  0  25 21 
Keith Tkachuk            0  0  0   0  0   1  1  1  9  24 
Marc Savard              0  0  0   0  6   2  0  0  23 15 
Martin Rucinsky          0  0  0   0  0   0  0  0  0  9  
Michael Ryder            0  0  0  -2  0   4  2  0  3  11 
Milan Michalek           0  0  0  -1  0   4  0  0  0  15 
Niklas Kronwall          0  0  0  -2  0   0  2  0  0  15 
Radek Martinek           0  1  1  -1  0   0  1  3  0  18 
Tomas Holmstrom          0  0  0   0  2   0  1  0  1  17 
Wade Redden              0  0  0   0  2   1  0  1  0  21 

3 Stars

1 - Olli Jokinen (MIN)
2 - Sean Hill (MIN)
3 - Mats Sundin (MIN)

Power Play

Wild - 1 on 9 Attempt(s) - 11.11%
Thrashers - 0 on 7 Attempt(s) - 0.00%

Penalty Kill

Wild - 7 on 7 Attempt(s) - 100.00% - Score 0 goal in Penalty Kill
Thrashers - 8 on 9 Attempt(s) - 88.89% - Score 0 goal in Penalty Kill

Game Notes

No Game Note

Finance

Level 1 -- Attendance: 6000 (100.00%) -- Ticket Income $450,000.00
Level 2 -- Attendance: 4882 (97.64%) -- Ticket Income $244,100.00
Level 3 -- Attendance: 1977 (77.68%) -- Ticket Income $59,310.00
Level 4 -- Attendance: 3716 (92.90%) -- Ticket Income $74,320.00
Luxury Box -- Attendance: 965 (96.50%) -- Ticket Income $144,750.00
Game was played at the Philips Arena
Total Attendance: 17540 (94.58%)
Total Ticket Income: $1,015,244.00
Other Income: $167,261.10
Total Income: $1,182,505.00


Play by Play

Period #1

0:01 of 1st period - Alexander Frolov wins face-off versus Rod Brind'Amour in neutral zone.
0:25 of 1st period - Minor Penalty to Dan Boyle for Interference.
0:26 of 1st period - Mats Sundin wins face-off versus Jay Mcclement in Thrashers zone.
1:14 of 1st period - Shot by Michal Rozsival.
1:14 of 1st period - Stopped by Henrik Lundqvist without a rebound.
1:15 of 1st period - Keith Tkachuk wins face-off versus Olli Jokinen in Thrashers zone.
2:16 of 1st period - Jozef Stumpel is hit by Eric Brewer and loses puck.
2:35 of 1st period - Michael Ryder is hit by Olli Jokinen and loses puck.
2:41 of 1st period - Minor Penalty to Joe Thornton for Slashing.
2:42 of 1st period - Mats Sundin wins face-off versus Jay Mcclement in neutral zone.
3:05 of 1st period - Shot by Marian Gaborik.
3:05 of 1st period - Deflect By Mats Sundin.
3:05 of 1st period - Shot Misses the Net.
3:07 of 1st period - Shot by Jozef Stumpel.
3:07 of 1st period - Shot Misses the Net.
3:20 of 1st period - Off-side.
3:21 of 1st period - Keith Tkachuk wins face-off versus Olli Jokinen in neutral zone.
3:48 of 1st period - Shot by Ray Whitney.
3:48 of 1st period - Shot Misses the Net.
4:22 of 1st period - Shot by Marian Gaborik.
4:22 of 1st period - Shot Blocked by Keith Tkachuk.
5:14 of 1st period - Minor Penalty to Patrick Rissmiller for Slashing.
5:15 of 1st period - Marc Savard wins face-off versus Rod Brind'Amour in neutral zone.
5:20 of 1st period - Shot by Dan Boyle.
5:20 of 1st period - Stopped by Manny Fernandez without a rebound.
5:21 of 1st period - Marc Savard wins face-off versus Rod Brind'Amour in Wild zone.
5:22 of 1st period - Shot by Wade Redden.
5:22 of 1st period - Stopped by Manny Fernandez with a rebound.
5:24 of 1st period - Shot by Brad Boyes.
5:24 of 1st period - Stopped by Manny Fernandez without a rebound.
5:25 of 1st period - Marc Savard wins face-off versus Rod Brind'Amour in Wild zone.
6:48 of 1st period - Shot by Keith Tkachuk.
6:48 of 1st period - Stopped by Manny Fernandez without a rebound.
6:49 of 1st period - Joe Thornton wins face-off versus Curtis Brown in Wild zone.
6:52 of 1st period - Shot by Niklas Kronwall.
6:52 of 1st period - Shot Misses the Net.
7:14 of 1st period - Michal Rozsival is hit by David Backes and loses puck.
7:46 of 1st period - Off-side.
7:47 of 1st period - Joe Thornton wins face-off versus Mats Sundin in neutral zone.
7:58 of 1st period - Shot by Brad Boyes.
7:58 of 1st period - Shot Misses the Net.
8:00 of 1st period - Shot by Radek Martinek.
8:00 of 1st period - Shot Misses the Net.
8:02 of 1st period - Shot by Barret Jackman.
8:02 of 1st period - Shot Misses the Net.
8:06 of 1st period - Shot by Joe Thornton.
8:06 of 1st period - Goal by Joe Thornton - Wild : 0 - Thrashers : 1.
8:07 of 1st period - Marc Savard wins face-off versus Olli Jokinen in neutral zone.
8:24 of 1st period - Shot by Patrick Rissmiller.
8:24 of 1st period - Shot Misses the Net.
9:22 of 1st period - Shot by Mats Sundin.
9:22 of 1st period - Stopped by Henrik Lundqvist without a rebound.
9:23 of 1st period - Rod Brind'Amour wins face-off versus Alexander Frolov in Thrashers zone.
9:26 of 1st period - Shot by Mats Sundin.
9:26 of 1st period - Stopped by Henrik Lundqvist without a rebound.
9:27 of 1st period - Rod Brind'Amour wins face-off versus Marc Savard in Thrashers zone.
9:36 of 1st period - Shot by Mats Sundin.
9:36 of 1st period - Stopped by Henrik Lundqvist without a rebound.
9:37 of 1st period - Jay Mcclement wins face-off versus Mats Sundin in Thrashers zone.
10:46 of 1st period - Shot by Brad Boyes.
10:46 of 1st period - Deflect By Milan Michalek.
10:46 of 1st period - Stopped by Manny Fernandez without a rebound.
10:47 of 1st period - Joe Thornton wins face-off versus Olli Jokinen in Wild zone.
10:47 of 1st period - Dan Boyle is hit by Sean Hill and loses puck.
10:54 of 1st period - Shot by Joe Thornton.
10:54 of 1st period - Shot Misses the Net.
10:56 of 1st period - Shot by Alexander Frolov.
10:56 of 1st period - Shot Misses the Net.
10:58 of 1st period - Shot by Michael Ryder.
10:58 of 1st period - Shot Blocked by Sean Hill.
11:00 of 1st period - Shot by Joe Thornton.
11:00 of 1st period - Deflect By Michael Ryder.
11:00 of 1st period - Stopped by Manny Fernandez with a rebound.
11:30 of 1st period - Shot by Jozef Stumpel.
11:30 of 1st period - Stopped by Henrik Lundqvist with a rebound.
11:34 of 1st period - Shot by Marian Gaborik.
11:34 of 1st period - Stopped by Henrik Lundqvist with a rebound.
11:36 of 1st period - Shot by Marian Gaborik.
11:36 of 1st period - The goal is going for a video replay.
11:36 of 1st period - The goal is refuse.
11:37 of 1st period - Marc Savard wins face-off versus Rod Brind'Amour in Thrashers zone.
11:57 of 1st period - Icing by Philippe Boucher.
11:58 of 1st period - Rod Brind'Amour wins face-off versus Tomas Holmstrom in Wild zone.
12:14 of 1st period - Shot by Rod Brind'Amour.
12:14 of 1st period - Shot Misses the Net.
12:18 of 1st period - Shot by Rod Brind'Amour.
12:18 of 1st period - Shot Hit the Post.
12:20 of 1st period - Shot by Marian Gaborik.
12:20 of 1st period - Stopped by Henrik Lundqvist without a rebound.
12:21 of 1st period - Marc Savard wins face-off versus Olli Jokinen in Thrashers zone.
12:47 of 1st period - Icing by Wade Redden.
12:48 of 1st period - Mats Sundin wins face-off versus Marc Savard in Thrashers zone.
13:46 of 1st period - Keith Tkachuk is hit by Rod Brind'Amour and loses puck.
14:02 of 1st period - Minor Penalty to Wade Redden for Tripping.
14:03 of 1st period - Ray Whitney wins face-off versus Jay Mcclement in Thrashers zone.
14:18 of 1st period - Shot by Mats Sundin.
14:18 of 1st period - Shot Misses the Net.
14:24 of 1st period - Shot by Olli Jokinen.
14:24 of 1st period - Stopped by Henrik Lundqvist without a rebound.
14:25 of 1st period - Jay Mcclement wins face-off versus Mats Sundin in Thrashers zone.
15:18 of 1st period - Shot by Ray Whitney.
15:18 of 1st period - Shot Blocked by Barret Jackman.
16:22 of 1st period - Jozef Stumpel is hit by Niklas Kronwall and loses puck.
17:01 of 1st period - Shot by Olli Jokinen.
17:01 of 1st period - Deflect By Marian Gaborik.
17:01 of 1st period - Shot Misses the Net.
17:03 of 1st period - Shot by Niclas Havelid.
17:03 of 1st period - Shot Blocked by Dan Boyle.
17:05 of 1st period - Shot by Marian Gaborik.
17:05 of 1st period - Stopped by Henrik Lundqvist without a rebound.
17:06 of 1st period - Mats Sundin wins face-off versus Keith Tkachuk in Thrashers zone.
17:09 of 1st period - Shot by Marian Gaborik.
17:09 of 1st period - Stopped by Henrik Lundqvist without a rebound.
17:10 of 1st period - Jozef Stumpel wins face-off versus Marc Savard in Thrashers zone.
17:22 of 1st period - Off-side.
17:23 of 1st period - Joe Thornton wins face-off versus Rod Brind'Amour in neutral zone.
17:36 of 1st period - Minor Penalty to Barret Jackman for High sticking.
17:37 of 1st period - Mats Sundin wins face-off versus Keith Tkachuk in Thrashers zone.
17:46 of 1st period - Shot by Mats Sundin.
17:46 of 1st period - Stopped by Henrik Lundqvist without a rebound.
17:47 of 1st period - Jay Mcclement wins face-off versus Olli Jokinen in Thrashers zone.
18:02 of 1st period - Shot by Michal Rozsival.
18:02 of 1st period - Stopped by Henrik Lundqvist with a rebound.
18:04 of 1st period - Shot by Olli Jokinen.
18:04 of 1st period - Shot Blocked by Radek Martinek.
18:06 of 1st period - Shot by Shean Donovan.
18:06 of 1st period - Goal by Shean Donovan - Wild : 1 - Thrashers : 1.
18:07 of 1st period - Marc Savard wins face-off versus Olli Jokinen in neutral zone.
18:10 of 1st period - Minor Penalty to Tomas Holmstrom for Boarding.
18:11 of 1st period - Keith Tkachuk wins face-off versus Mats Sundin in Wild zone.
19:03 of 1st period - Icing by Olli Jokinen.
19:04 of 1st period - Jay Mcclement wins face-off versus Olli Jokinen in Wild zone.
19:05 of 1st period - Shot by David Backes.
19:05 of 1st period - Stopped by Manny Fernandez without a rebound.
19:06 of 1st period - Olli Jokinen wins face-off versus Jay Mcclement in Wild zone.

Period #2

0:01 of 2nd period - Olli Jokinen wins face-off versus Jay Mcclement in neutral zone.
0:04 of 2nd period - David Backes is hit by Shean Donovan and loses puck.
0:18 of 2nd period - Icing by Mats Sundin.
0:19 of 2nd period - Marc Savard wins face-off versus Mats Sundin in Wild zone.
0:22 of 2nd period - Shot by Tomas Holmstrom.
0:22 of 2nd period - Deflect By Keith Tkachuk.
0:22 of 2nd period - Shot Misses the Net.
0:26 of 2nd period - Shot by Brett Clark.
0:26 of 2nd period - Stopped by Manny Fernandez without a rebound.
0:27 of 2nd period - Rod Brind'Amour wins face-off versus Joe Thornton in Wild zone.
0:27 of 2nd period - Rod Brind'Amour is hit by Michael Ryder.
1:01 of 2nd period - Icing by Philippe Boucher.
1:02 of 2nd period - Rod Brind'Amour wins face-off versus Marc Savard in Wild zone.
1:13 of 2nd period - Shot by Ray Whitney.
1:13 of 2nd period - Shot Misses the Net.
1:46 of 2nd period - Marc Savard is hit by Michal Rozsival and loses puck.
2:24 of 2nd period - Minor Penalty to Kyle Mclaren for Holding.
2:25 of 2nd period - Marc Savard wins face-off versus Curtis Brown in Wild zone.
2:32 of 2nd period - Shot by Milan Michalek.
2:32 of 2nd period - Shot Misses the Net.
2:34 of 2nd period - Shot by Milan Michalek.
2:34 of 2nd period - Deflect By Marc Savard.
2:34 of 2nd period - Stopped by Manny Fernandez with a rebound.
2:38 of 2nd period - Shot by Dan Boyle.
2:38 of 2nd period - Stopped by Manny Fernandez without a rebound.
2:39 of 2nd period - Joe Thornton wins face-off versus Curtis Brown in Wild zone.
2:47 of 2nd period - Icing by Joe Thornton.
2:48 of 2nd period - Joe Thornton wins face-off versus Rod Brind'Amour in Thrashers zone.
3:20 of 2nd period - Minor Penalty to Marc Savard for High sticking.
3:21 of 2nd period - Rod Brind'Amour wins face-off versus Jay Mcclement in Wild zone.
3:21 of 2nd period - Rod Brind'Amour is hit by Michael Ryder.
3:59 of 2nd period - Shot by Michael Ryder.
3:59 of 2nd period - Stopped by Manny Fernandez with a rebound.
4:46 of 2nd period - Shot by Michal Rozsival.
4:46 of 2nd period - Shot Misses the Net.
4:48 of 2nd period - Shot by Michal Rozsival.
4:48 of 2nd period - Stopped by Henrik Lundqvist without a rebound.
4:49 of 2nd period - Mats Sundin wins face-off versus Jay Mcclement in Thrashers zone.
5:03 of 2nd period - Shot by Mats Sundin.
5:03 of 2nd period - Deflect By Marian Gaborik.
5:03 of 2nd period - Stopped by Henrik Lundqvist without a rebound.
5:04 of 2nd period - Keith Tkachuk wins face-off versus Mats Sundin in Thrashers zone.
5:27 of 2nd period - Shot by Mats Sundin.
5:27 of 2nd period - Deflect By Olli Jokinen.
5:27 of 2nd period - Stopped by Henrik Lundqvist without a rebound.
5:28 of 2nd period - Olli Jokinen wins face-off versus Joe Thornton in Thrashers zone.
5:33 of 2nd period - Shot by Olli Jokinen.
5:33 of 2nd period - Deflect By Shean Donovan.
5:33 of 2nd period - Stopped by Henrik Lundqvist without a rebound.
5:34 of 2nd period - Marc Savard wins face-off versus Mats Sundin in Thrashers zone.
5:39 of 2nd period - Shot by Marian Gaborik.
5:39 of 2nd period - Stopped by Henrik Lundqvist without a rebound.
5:40 of 2nd period - Olli Jokinen wins face-off versus Joe Thornton in Thrashers zone.
5:54 of 2nd period - Shot by Joe Thornton.
5:54 of 2nd period - Shot Misses the Net.
5:56 of 2nd period - Shot by Alexander Frolov.
5:56 of 2nd period - Shot Misses the Net.
5:58 of 2nd period - Shot by Joe Thornton.
5:58 of 2nd period - Stopped by Manny Fernandez with a rebound.
6:00 of 2nd period - Shot by Alexander Frolov.
6:00 of 2nd period - Shot Misses the Net.
6:02 of 2nd period - Shot by Michael Ryder.
6:02 of 2nd period - Stopped by Manny Fernandez without a rebound.
6:03 of 2nd period - Mats Sundin wins face-off versus Marc Savard in Wild zone.
6:27 of 2nd period - Minor Penalty to Jozef Stumpel for Interference.
6:28 of 2nd period - Curtis Brown wins face-off versus Marc Savard in neutral zone.
6:59 of 2nd period - Shot by Milan Michalek.
6:59 of 2nd period - Stopped by Manny Fernandez without a rebound.
7:00 of 2nd period - Rod Brind'Amour wins face-off versus Joe Thornton in Wild zone.
8:33 of 2nd period - Jay Mcclement is hit by Kyle Mclaren and loses puck.
8:39 of 2nd period - Minor Penalty to Jan Hejda for Slashing.
8:40 of 2nd period - Curtis Brown wins face-off versus Joe Thornton in Wild zone.
9:45 of 2nd period - Shot by Milan Michalek.
9:45 of 2nd period - Stopped by Manny Fernandez without a rebound.
9:46 of 2nd period - Alexander Frolov wins face-off versus Rod Brind'Amour in Wild zone.
10:31 of 2nd period - Shot by Brett Clark.
10:31 of 2nd period - Stopped by Manny Fernandez with a rebound.
11:18 of 2nd period - Shot by Marian Gaborik.
11:18 of 2nd period - Shot Misses the Net.
11:40 of 2nd period - Joe Thornton is hit by Rod Brind'Amour and loses puck.
11:49 of 2nd period - Philippe Boucher is hit by Joe Thornton and loses puck.
12:13 of 2nd period - Minor Penalty to Philippe Boucher for Hooking.
12:14 of 2nd period - Curtis Brown wins face-off versus Michael Ryder in Wild zone.
12:36 of 2nd period - Icing by Brett Clark.
12:37 of 2nd period - Michael Ryder wins face-off versus Rod Brind'Amour in Thrashers zone.
13:47 of 2nd period - Off-side.
13:48 of 2nd period - Joe Thornton wins face-off versus Rod Brind'Amour in neutral zone.
14:09 of 2nd period - Shot by Keith Tkachuk.
14:09 of 2nd period - Shot Misses the Net.
14:13 of 2nd period - Shot by Keith Tkachuk.
14:13 of 2nd period - Deflect By David Backes.
14:13 of 2nd period - Shot Misses the Net.
14:16 of 2nd period - Icing by Michal Rozsival.
14:17 of 2nd period - Jay Mcclement wins face-off versus Mats Sundin in Wild zone.
14:35 of 2nd period - Minor Penalty to Eric Brewer for Holding.
14:36 of 2nd period - Mats Sundin wins face-off versus Jay Mcclement in Thrashers zone.
14:46 of 2nd period - Jozef Stumpel is hit by Radek Martinek and loses puck.
15:27 of 2nd period - Shot by Ray Whitney.
15:27 of 2nd period - Stopped by Henrik Lundqvist without a rebound.
15:28 of 2nd period - Jay Mcclement wins face-off versus Olli Jokinen in Thrashers zone.
15:41 of 2nd period - Shot by Ray Whitney.
15:41 of 2nd period - Stopped by Henrik Lundqvist without a rebound.
15:42 of 2nd period - Olli Jokinen wins face-off versus Jay Mcclement in Thrashers zone.
15:43 of 2nd period - Shot by Philippe Boucher.
15:43 of 2nd period - Stopped by Henrik Lundqvist without a rebound.
15:44 of 2nd period - Shean Donovan wins face-off versus Jay Mcclement in Thrashers zone.
16:46 of 2nd period - Rod Brind'Amour is hit by Dan Boyle and loses puck.
16:54 of 2nd period - Rod Brind'Amour is hit by Niklas Kronwall and loses puck.
16:57 of 2nd period - Shot by Patrick Rissmiller.
16:57 of 2nd period - Shot Misses the Net.
17:05 of 2nd period - Shot by Olli Jokinen.
17:05 of 2nd period - Goal by Olli Jokinen - Wild : 2 - Thrashers : 1.
17:06 of 2nd period - Joe Thornton wins face-off versus Marian Gaborik in neutral zone.
17:14 of 2nd period - Radek Martinek is hit by Mats Sundin and loses puck.
17:23 of 2nd period - Shot by Mats Sundin.
17:23 of 2nd period - Shot Misses the Net.
17:25 of 2nd period - Shot by Michal Rozsival.
17:25 of 2nd period - Shot Misses the Net.
17:27 of 2nd period - Shot by Mats Sundin.
17:27 of 2nd period - Stopped by Henrik Lundqvist with a rebound.
17:31 of 2nd period - Shot by Marian Gaborik.
17:31 of 2nd period - Shot Misses the Net.
17:33 of 2nd period - Shot by Michal Rozsival.
17:33 of 2nd period - Shot Misses the Net.
17:35 of 2nd period - Shot by Mats Sundin.
17:35 of 2nd period - Deflect By Jozef Stumpel.
17:35 of 2nd period - Goal by Jozef Stumpel - Wild : 3 - Thrashers : 1.
17:36 of 2nd period - Ray Whitney wins face-off versus Jay Mcclement in neutral zone.
17:59 of 2nd period - Shot by Philippe Boucher.
17:59 of 2nd period - Shot Blocked by Wade Redden.
18:14 of 2nd period - Icing by Wade Redden.
18:15 of 2nd period - Jay Mcclement wins face-off versus Patrick Rissmiller in Thrashers zone.
18:15 of 2nd period - Jay Mcclement is hit by Olli Jokinen.
18:33 of 2nd period - Shot by Olli Jokinen.
18:33 of 2nd period - Shot Misses the Net.
18:37 of 2nd period - Shot by Mats Sundin.
18:37 of 2nd period - Goal by Mats Sundin - Wild : 4 - Thrashers : 1.
18:38 of 2nd period - Mats Sundin wins face-off versus Marc Savard in neutral zone.
18:45 of 2nd period - Icing by Marc Savard.
18:46 of 2nd period - Marc Savard wins face-off versus Curtis Brown in Thrashers zone.
18:46 of 2nd period - Marc Savard is hit by Jozef Stumpel.
18:55 of 2nd period - Icing by Jozef Stumpel.
18:56 of 2nd period - Curtis Brown wins face-off versus Joe Thornton in Wild zone.
19:25 of 2nd period - Shot by Brad Boyes.
19:25 of 2nd period - Stopped by Manny Fernandez without a rebound.
19:26 of 2nd period - Mats Sundin wins face-off versus Marc Savard in Wild zone.
19:30 of 2nd period - Minor Penalty to Marc Savard for Hooking.
19:31 of 2nd period - Olli Jokinen wins face-off versus Keith Tkachuk in neutral zone.
19:52 of 2nd period - Shot by Jan Hejda.
19:52 of 2nd period - Shot Misses the Net.

Period #3

0:01 of 3rd period - Jay Mcclement wins face-off versus Olli Jokinen in neutral zone.
1:10 of 3rd period - Radek Martinek is hit by Jozef Stumpel and loses puck.
1:17 of 3rd period - Shot by Mats Sundin.
1:17 of 3rd period - Shot Hit the Post.
1:19 of 3rd period - Shot by Kyle Mclaren.
1:19 of 3rd period - Shot Blocked by Radek Martinek.
1:21 of 3rd period - Shot by Philippe Boucher.
1:21 of 3rd period - Stopped by Henrik Lundqvist with a rebound.
1:25 of 3rd period - Shot by Mats Sundin.
1:25 of 3rd period - Deflect By Marian Gaborik.
1:25 of 3rd period - Stopped by Henrik Lundqvist without a rebound.
1:26 of 3rd period - Keith Tkachuk wins face-off versus Mats Sundin in Thrashers zone.
1:43 of 3rd period - Shot by Patrick Rissmiller.
1:43 of 3rd period - Shot Misses the Net.
1:47 of 3rd period - Shot by Olli Jokinen.
1:47 of 3rd period - Stopped by Henrik Lundqvist without a rebound.
1:48 of 3rd period - Mats Sundin wins face-off versus Marc Savard in Thrashers zone.
2:14 of 3rd period - Shot by Jozef Stumpel.
2:14 of 3rd period - Stopped by Henrik Lundqvist with a rebound.
2:16 of 3rd period - Shot by Jozef Stumpel.
2:16 of 3rd period - Shot Misses the Net.
2:50 of 3rd period - Shot by Ray Whitney.
2:50 of 3rd period - Stopped by Henrik Lundqvist with a rebound.
3:06 of 3rd period - Shot by Brian Rolston.
3:06 of 3rd period - Deflect By Olli Jokinen.
3:06 of 3rd period - Shot Misses the Net.
3:08 of 3rd period - Shot by Olli Jokinen.
3:08 of 3rd period - Deflect By Brian Rolston.
3:08 of 3rd period - Stopped by Henrik Lundqvist without a rebound.
3:09 of 3rd period - Olli Jokinen wins face-off versus Joe Thornton in Thrashers zone.
3:12 of 3rd period - Shot by Mats Sundin.
3:12 of 3rd period - Stopped by Henrik Lundqvist without a rebound.
3:13 of 3rd period - Rod Brind'Amour wins face-off versus Joe Thornton in Thrashers zone.
3:38 of 3rd period - Shot by Olli Jokinen.
3:38 of 3rd period - Goal by Olli Jokinen - Wild : 5 - Thrashers : 1.
3:39 of 3rd period - Joe Thornton wins face-off versus Mats Sundin in neutral zone.
3:41 of 3rd period - Milan Michalek is hit by Kyle Mclaren and loses puck.
3:48 of 3rd period - Shot by Jozef Stumpel.
3:48 of 3rd period - Shot Misses the Net.
3:50 of 3rd period - Shot by Michal Rozsival.
3:50 of 3rd period - Shot Blocked by Radek Martinek.
4:09 of 3rd period - Off-side.
4:10 of 3rd period - Rod Brind'Amour wins face-off versus Jay Mcclement in neutral zone.
5:11 of 3rd period - Michal Rozsival is hit by Brad Boyes and loses puck.
5:18 of 3rd period - Shot by Joe Thornton.
5:18 of 3rd period - Shot Blocked by Jozef Stumpel.
5:22 of 3rd period - Shot by Joe Thornton.
5:22 of 3rd period - Shot Misses the Net.
5:30 of 3rd period - Shot by Brad Boyes.
5:30 of 3rd period - Shot Misses the Net.
6:05 of 3rd period - Marc Savard is hit by Michal Rozsival and loses puck.
6:33 of 3rd period - Minor Penalty to Kyle Mclaren for Hooking.
6:34 of 3rd period - Joe Thornton wins face-off versus Curtis Brown in Wild zone.
7:23 of 3rd period - Shot by Dan Boyle.
7:23 of 3rd period - Shot Misses the Net.
8:01 of 3rd period - Shot by Alexander Frolov.
8:01 of 3rd period - Stopped by Manny Fernandez without a rebound.
8:02 of 3rd period - Rod Brind'Amour wins face-off versus Joe Thornton in Wild zone.
8:23 of 3rd period - Shot by Joe Thornton.
8:23 of 3rd period - Shot Blocked by Philippe Boucher.
8:51 of 3rd period - Shot by David Backes.
8:51 of 3rd period - Shot Misses the Net.
9:01 of 3rd period - Wade Redden is hit by Olli Jokinen and loses puck.
9:11 of 3rd period - Off-side.
9:12 of 3rd period - Mats Sundin wins face-off versus Michael Ryder in neutral zone.
10:05 of 3rd period - Shot by Alexander Frolov.
10:05 of 3rd period - Shot Misses the Net.
10:09 of 3rd period - Shot by Joe Thornton.
10:09 of 3rd period - Shot Misses the Net.
10:11 of 3rd period - Shot by Michael Ryder.
10:11 of 3rd period - Stopped by Manny Fernandez without a rebound.
10:12 of 3rd period - Curtis Brown wins face-off versus Jay Mcclement in Wild zone.
10:16 of 3rd period - Icing by Jozef Stumpel.
10:17 of 3rd period - Curtis Brown wins face-off versus Marc Savard in Wild zone.
10:17 of 3rd period - Curtis Brown is hit by Keith Tkachuk.
11:29 of 3rd period - Off-side.
11:30 of 3rd period - Mats Sundin wins face-off versus Joe Thornton in neutral zone.
11:36 of 3rd period - Shot by Rod Brind'Amour.
11:36 of 3rd period - Stopped by Henrik Lundqvist without a rebound.
11:37 of 3rd period - Olli Jokinen wins face-off versus Joe Thornton in Thrashers zone.
12:34 of 3rd period - Shot by Mats Sundin.
12:34 of 3rd period - Shot Misses the Net.
12:52 of 3rd period - Shot by Mats Sundin.
12:52 of 3rd period - Shot Blocked by Eric Brewer.
12:54 of 3rd period - Shot by Mats Sundin.
12:54 of 3rd period - Shot Blocked by Eric Brewer.
13:02 of 3rd period - Shot by Mats Sundin.
13:02 of 3rd period - Shot Misses the Net.
13:19 of 3rd period - Shot by Ray Whitney.
13:19 of 3rd period - Deflect By Brian Rolston.
13:19 of 3rd period - Stopped by Henrik Lundqvist without a rebound.
13:20 of 3rd period - Joe Thornton wins face-off versus Rod Brind'Amour in Thrashers zone.
13:54 of 3rd period - Icing by Radek Martinek.
13:55 of 3rd period - Joe Thornton wins face-off versus Shean Donovan in Thrashers zone.
14:20 of 3rd period - Patrick Rissmiller is hit by Tomas Holmstrom and loses puck.
15:31 of 3rd period - Shot by Ray Whitney.
15:31 of 3rd period - Stopped by Henrik Lundqvist without a rebound.
15:32 of 3rd period - Olli Jokinen wins face-off versus Alexander Frolov in Thrashers zone.
15:39 of 3rd period - Shot by Rod Brind'Amour.
15:39 of 3rd period - Shot Blocked by Jay Mcclement.
15:41 of 3rd period - Shot by Rod Brind'Amour.
15:41 of 3rd period - Stopped by Henrik Lundqvist without a rebound.
15:42 of 3rd period - David Backes wins face-off versus Rod Brind'Amour in Thrashers zone.
16:10 of 3rd period - Shot by Alexander Frolov.
16:10 of 3rd period - Deflect By David Backes.
16:10 of 3rd period - Shot Misses the Net.
16:12 of 3rd period - Shot by Jay Mcclement.
16:12 of 3rd period - Stopped by Manny Fernandez without a rebound.
16:13 of 3rd period - Joe Thornton wins face-off versus Mats Sundin in Wild zone.
17:01 of 3rd period - Minor Penalty to Marc Savard for Holding.
17:02 of 3rd period - Olli Jokinen wins face-off versus Keith Tkachuk in neutral zone.
17:25 of 3rd period - Shot by Michal Rozsival.
17:25 of 3rd period - Shot Misses the Net.
17:27 of 3rd period - Shot by Shean Donovan.
17:27 of 3rd period - Shot Blocked by Brett Clark.
17:29 of 3rd period - Shot by Olli Jokinen.
17:29 of 3rd period - Stopped by Henrik Lundqvist with a rebound.
17:43 of 3rd period - Shot by Marian Gaborik.
17:43 of 3rd period - Stopped by Henrik Lundqvist without a rebound.
17:44 of 3rd period - Mats Sundin wins face-off versus Jay Mcclement in Thrashers zone.
17:51 of 3rd period - Shot by Marian Gaborik.
17:51 of 3rd period - Shot Misses the Net.
17:55 of 3rd period - Shot by Rod Brind'Amour.
17:55 of 3rd period - Stopped by Henrik Lundqvist without a rebound.
17:56 of 3rd period - Jay Mcclement wins face-off versus Shean Donovan in Thrashers zone.
19:13 of 3rd period - Minor Penalty to Rod Brind'Amour for Tripping.
19:14 of 3rd period - Marc Savard wins face-off versus Curtis Brown in neutral zone.
19:25 of 3rd period - Shot by Milan Michalek.
19:25 of 3rd period - Stopped by Manny Fernandez without a rebound.
19:26 of 3rd period - Marc Savard wins face-off versus Curtis Brown in Wild zone.
19:27 of 3rd period - Shot by Dan Boyle.
19:27 of 3rd period - Shot Misses the Net.
19:29 of 3rd period - Shot by Wade Redden.
19:29 of 3rd period - Shot Blocked by Niclas Havelid.
19:31 of 3rd period - Shot by Milan Michalek.
19:31 of 3rd period - Deflect By Marc Savard.
19:31 of 3rd period - Shot Misses the Net.
19:41 of 3rd period - Shot by Milan Michalek.
19:41 of 3rd period - Deflect By Marc Savard.
19:41 of 3rd period - Shot Blocked by Niclas Havelid.
19:43 of 3rd period - Shot by Brad Boyes.
19:43 of 3rd period - Stopped by Manny Fernandez with a rebound.
19:45 of 3rd period - Shot by Marc Savard.
19:45 of 3rd period - Stopped by Manny Fernandez without a rebound.
19:46 of 3rd period - Mats Sundin wins face-off versus Joe Thornton in Wild zone.
19:51 of 3rd period - Joe Thornton is hit by Mats Sundin and loses puck.


Output by the SimonT Hockey Simulator (STHS) for Stephane Roy -- Original Page W3C XHTML 1.0 Valid